AoeStats
← MousePuddles

Black Forest

510248878Analyzed
4v4 RM · 1d ago on Sep 30, 2026· 22m 7s· 8 players
Game mode
Random Map
Map size
Large (8 player)
Population
200
Speed
Normal
Resources
Standard
Victory
Conquest
Starting age
Dark Age
Ending age
Imperial Age
RankedLock teamsTeams togetherTeam positionsShared explorationLock speedFull tech treeHidden civsTurbo modeCheats
Victory
Defeat
🇨🇴 Goths · Colombia
927
+13
🇨🇱 Britons · Chile
887
+15
🇨🇳 Khmer · China
871
+15
🇺🇸 Vietnamese · United States
642
+25
🇨🇦 Britons · Canada
894
-19
🇺🇸 Goths · United States
882
-18
🇪🇨 Danes · Ecuador
828
-16
🇺🇸 Turks · United States
793
-15
Jared G
0:40 Loom
16:15 Feudal Age
16:19 Man-at-Arms
KAISER962605
2:30 Loom
13:08 Feudal Age
16:03 Double-Bit Axe
20:25 Castle Age
21:15 Stone Mining
21:17 Gold Mining
MousePuddles
0:29 Loom
Winnipeg Pride
8:15 Loom
11:40 Feudal Age
12:46 Double-Bit Axe
13:11 Horse Collar
jla
0:32 Loom
14:04 Feudal Age
15:21 Wheelbarrow
14:40 Double-Bit Axe
16:18 Gold Mining
16:10 Horse Collar
16:53 Forging
20:12 Scale Mail Armor
21:04 Arson
20:43 Man-at-Arms
21:40 Stone Mining
THE_LORD
0:28 Loom
12:37 Feudal Age
12:53 Man-at-Arms
17:28 Double-Bit Axe
17:24 Horse Collar
22:41 Forging
Fenixx
0:41 Loom
20:33 Feudal Age
21:01 Horse Collar
21:10 Double-Bit Axe
22:07 Wheelbarrow
21:18 Town Watch
電動遊戯
2:46 Loom
12:15 Feudal Age
16:47 Castle Age
15:19 Double-Bit Axe
17:02 Horse Collar
Connection lost

Rejoining the realm…

Still unreachable

The connection could not be restored.

Session expired

The server has moved on; the page needs a fresh start.